cohdb
Replays
Latest Replays
All Replays
Popular Replays
Top Player Replays
Match Explorer
How It Works
Community
CoH3 Stats
Reddit
Sign in to upload your games and track your stats! →
Sign in with Steam
Match 47011052
Unlisted
Match 47011052
Overview
Messages
Build Orders
End
Construct Infanterie Kompanie
Kettenkrad Recon Vehicle
Selects Terror Battlegroup
Grenadier Squad
Grenadier Squad
Selects Heavy Gunnery
Grenadier Squad
Construct Panzergrenadier Kompanie
Selects Contempt for the Weak
Panzergrenadier Squad
Pak 40 Anti-tank Gun Team
MG 42 Machine Gun Team
Construct Panzer Kompanie
Construct Panzer Kompanie
Selects Jericho Trumpet
Jericho Trumpet
Panzer IV Medium Tank
Panzer IV Medium Tank
Pioneer Squad
Panzer IV Medium Tank
Pioneer Squad
Selects V1 Rocket Strike
XiPH3R
XuZhongwei
0
0
Comments
sign in to comment!
No comments posted yet!